 Dungeon Crawl Stone Soup version 0.21-a0-426-g98080a9 (webtiles) character file.

58 mastercheaf21 the Sneak (level 4, 0/29 HPs)
             Began as an Octopode Assassin on Nov 7, 2017.
             Succumbed to an adder's poison
             ... on level 2 of the Dungeon.
             The game lasted 00:07:39 (2139 turns).

mastercheaf21 the Sneak (Octopode Assassin)         Turns: 2139, Time: 00:07:39

Health: 0/29       AC:  1    Str: 10 (11) XL:     4   Next: 1%
Magic:  4/4        EV: 12    Int: 10 (13) God:
Gold:   207        SH:  0    Dex: 10 (13) Spells: 3/3 levels left

rFire    . . .     SeeInvis .   i - +0 dagger (venom)
rCold    . . .     Gourm    .   (no shield)
rNeg     . . .     Faith    .   (helmet restricted)
rPois    .         Spirit   .   (no amulet)
rElec    .         Reflect  .   (no ring)
rCorr    .         Harm     .   (no ring)
MR       .....                  (no ring)
Stlth    ++++......             (no ring)
HPRegen  0.09/turn              (no ring)
MPRegen  0.09/turn              (no ring)
                                (no ring)
                                (no ring)

@: lethally poisoned (0 -> -5)
A: almost no armour, stealthy swim, amphibious, 8 rings, constrict 8, camouflage
1, gelatinous body 1
a: no special abilities


You were on level 2 of the Dungeon.
You were not hungry.

You visited 1 branch of the dungeon, and saw 2 of its levels.

You collected 207 gold pieces.

Inventory:

Hand Weapons
 a - a +2 dagger
 b - a +0 blowgun
 i - a +0 dagger of venom (weapon)
Missiles
 c - 24 poisoned needles
 d - 2 curare-tipped needles
Scrolls
 e - 3 scrolls of identify
 h - a scroll of magic mapping {unknown}
Comestibles
 f - 3 fruits
 g - a bread ration


   Skills:
 - Level 2.0 Fighting
 - Level 2.0 Short Blades
 - Level 2.0 Throwing
 - Level 1.0 Dodging
 + Level 7.1 Stealth
 * Level 1.4 Unarmed Combat


You had 3 spell levels left.
You didn't know any spells.

Dungeon Overview and Level Annotations

Branches:
Dungeon (2/15)

Altars:
Gozag
The Shining One


Innate Abilities, Weirdness & Mutations

You cannot wear most types of armour.
You are very stealthy in the water. (Stealth+)
You are amphibious.
You can wear up to eight rings at the same time.
You can use your tentacles to constrict eight enemies at once.
Your skin changes colour to match your surroundings (Stealth+).
Your rubbery body absorbs attacks. (AC +1, EV +1)


Message History

You have reached level 4!
* * * LOW HITPOINT WARNING * * *
You feel sick.
* * * LOW HITPOINT WARNING * * *
You feel sick.
* * * LOW HITPOINT WARNING * * *
You feel sick.
* * * LOW HITPOINT WARNING * * *
You feel sick.
* * * LOW HITPOINT WARNING * * *
You feel sick.
* * * LOW HITPOINT WARNING * * *
You feel sick.
* * * LOW HITPOINT WARNING * * *
You feel sick.
Things that are here:
a club; a hobgoblin corpse
* * * LOW HITPOINT WARNING * * *
You feel sick.
You die...

####### #.....
#.... +>.. #.. #.#
#.# #@# #.# #.##.#
#.##.# #.##.#
#.##)# #.##.# #.#
#.##.#
####..######.##.###


There were no monsters in sight!

Vanquished Creatures
  3 adders (D:2)
  An ooze (D:2)
  A worm (D:2)
  A dart slug (D:1)
  A leopard gecko (D:1)
  A giant cockroach (D:2)
  4 hobgoblins
  A kobold (D:2)
  A ball python (D:2)
  2 bats (D:1)
  4 goblins (D:1)
  A rat (D:2)
21 creatures vanquished.

Notes
Turn   | Place    | Note
-------+----------+-------------------------------------------
     0 | D:1      | mastercheaf21 the Octopode Assassin began the quest for the Orb.
     0 | D:1      | Reached XP level 1. HP: 14/14 MP: 1/1
   615 | D:1      | Reached XP level 2. HP: 2/19 MP: 2/2
  1096 | D:1      | Reached skill level 6 in Stealth
  1569 | D:2      | Reached skill level 1 in Unarmed Combat
  1569 | D:2      | Reached XP level 3. HP: 20/24 MP: 3/3
  1591 | D:2      | Found an opulent altar of Gozag.
  1740 | D:2      | Found a glowing golden altar of the Shining One.
  2126 | D:2      | Reached skill level 7 in Stealth
  2126 | D:2      | Reached XP level 4. HP: 8/29 MP: 4/4
  2136 | D:2      | HP: 1/29 [poisoned by an adder]
  2139 | D:2      | Succumbed to an adder's poison

Vault maps used:
D:1:      scummos_arrival_forest, roderic_roman_lattice
D:2:      nicolae_gozag_seed_capital, first_bread, kennysheep_pointless_box,
          nicolae_tso_swordbearing_angel, uniq_crazy_yiuf_cottage

Skill      XL: |  1  2  3 |
---------------+----------+-----
Stealth        | 6 7 |  7.1
Unarmed Combat | 1 |  1.4
Fighting       | |  2.0
Short Blades   | |  2.0
Throwing       | |  2.0
Dodging        | |  1.0

Action                   |  1- 3 |  4- 6 || total
-------------------------+-------+-------++-------
Melee: Dagger            |    60 |       ||    60
       Constrict         |    11 |       ||    11
       Tentacles         |     7 |       ||     7
  Use: Scroll            |     2 |       ||     2
       Potion            |     1 |       ||     1
 Stab: Sleeping          |     5 |       ||     5
  Eat: Bread ration      |     1 |       ||     1
Armor: Skin              |     6 |       ||     6
Dodge: Dodged            |    39 |       ||    39

Table legend:
 A = Spawn XP
 B = Non-spawn XP
 C = Spawn XP percentage of total XP
 D = Spawn monster count
 E = Non-spawn monster count
 F = Spawn count percentage of total count
 G = Total turns spent on level
                    A         B        C        D         E        F      G
               +---------+---------+-------+---------+---------+-------+---------
         Total |       0 |      83 |   0.0 |       0 |      21 |   0.0 |  2139
               +---------+---------+-------+---------+---------+-------+---------
           D:1 |       0 |      22 |   0.0 |       0 |      11 |   0.0 |  1513
           D:2 |       0 |      61 |   0.0 |       0 |      10 |   0.0 |   626
               +---------+---------+-------+---------+---------+-------+---------
